 Dungeon Crawl Stone Soup version 0.28.0-53-g5a82cb258f (webtiles) character file.

Game seed: 5105124179601392501

52 Revguard the Slasher (level 3, 0/27 HPs)
             Began as a Demonspawn Gladiator on July 28, 2022.
             Slain by a gnoll
             ... wielding a +0 halberd
              (8 damage)
             ... on level 2 of the Dungeon.
             The game lasted 00:01:46 (1468 turns).

Revguard the Slasher (Demonspawn Gladiator)         Turns: 1468, Time: 00:01:46

Health: 0/27       AC: 10    Str: 14    XL:     3   Next: 60%
Magic:  3/3        EV: 12    Int:  9    God:
Gold:   62         SH:  0    Dex: 16    Spells: 2/2 levels left

rFire   . . .      SeeInvis .   a - +0 long sword
rCold   . . .      Faith    .   (no shield)
rNeg    . . .      Spirit   .   b - +0 leather armour
rPois   .          Reflect  .   c - +0 helmet
rElec   .          Harm     .   (no cloak)
rCorr   .          Rampage  .   (no gloves)
Will    .....                   (no boots)
Stlth   +.........              (no amulet)
HPRegen 0.09/turn               (no ring)
MPRegen 0.08/turn               (no ring)

@: sanguine armoured
A: sanguine armour 1
a: no special abilities


You were on level 2 of the Dungeon.
You visited 1 branch of the dungeon, and saw 2 of its levels.

You collected 62 gold pieces.

Inventory:

Hand Weapons
 a - a +0 long sword (weapon)
Missiles
 d - 3 throwing nets (quivered)
Armour
 b - a +0 leather armour (worn)
 c - a +0 helmet (worn)
Scrolls
 f - 3 scrolls of enchant weapon {unknown}
 g - 2 scrolls of enchant armour {unknown}
 h - 2 scrolls of identify {unknown}
 i - a scroll of torment {unknown}
 l - a scroll of amnesia {unknown}
 m - a scroll of teleportation {unknown}
 n - a scroll of brand weapon {unknown}
 p - a scroll of fear {unknown}
Potions
 e - a potion of attraction {unknown}
 j - a potion of mutation {unknown}
 k - a potion of lignification {unknown}
 o - a potion of flight {unknown}


   Skills:
 + Level 2.2 Fighting
 * Level 3.1 Long Blades
 - Level 1.7 Throwing
 + Level 0.7 Armour
 * Level 3.1 Dodging
 + Level 0.6 Stealth
 + Level 1.1 Invocations
 + Level 0.8 Evocations


You had 2 spell levels left.
You didn't know any spells.
Your spell library contained the following spells:

 Spells                   Type           Power      Damage    Failure   Level
 Slow                     Hex            0%         N/A       45%         1


Dungeon Overview and Level Annotations

Branches:
Dungeon (2/15)

Altars:


Innate Abilities, Weirdness & Mutations

When seriously injured, your blood forms armour. (AC +6)


Message History

You hit the ball python.
You kill the ball python!
You see here an adder corpse.
m - a scroll labelled XOPNEU OGOU
n - a scroll labelled HUONIWYOBA
f - 3 scrolls labelled UNOYME USEKELO (gained 1)
o - a sedimented grey potion
p - a scroll labelled HIFOWICIVIC You see here a +0 spear.
A gnoll comes into view. It is wielding a +0 club.
You barely miss the gnoll. The gnoll hits you with a +0 club.
You hit the gnoll.
The gnoll is lightly wounded.
The gnoll hits you with a +0 club.
You hit the gnoll.
The gnoll is severely wounded.
The gnoll hits you with a +0 club. The gnoll barely misses you.
You barely miss the gnoll.
The gnoll is severely wounded.
The gnoll hits you with a +0 club.
Your blood congeals into armour.
You closely miss the gnoll.
The gnoll is severely wounded.
The gnoll hits you with a +0 club.
You hit the gnoll.
You kill the gnoll!
Things that are here:
a +0 club; a gnoll corpse 2 gnolls come into view.
The gnoll shouts! x2
The gnoll hits you but does no damage. The gnoll barely misses you.
You hit the gnoll.
The gnoll is lightly wounded.
The gnoll hits you with a +0 club! The gnoll closely misses you.
You hit the gnoll.
The gnoll is heavily wounded.
The gnoll hits you with a +0 club.
* * * LOW HITPOINT WARNING * * *
The gnoll hits you from afar with a +0 halberd!
You die...

##..........#
#####..#..#.#######
..>....##....##...
##.......##..##.###
#.###.#.##.......#
##.##.......###)#......
.....#.#.#### #.# ##.##
##..###..# #.####.#
##.## ##.## #.@gg..#
#.## ##.# ########
##.## ##.## ##.###.##
#..#...# #.#..#.#
#.##.#.# #.#....#
#.##.#.#


You could see 2 gnolls.

Vanquished Creatures
  A gnoll (D:2)
  2 adders (D:2)
  A worm (D:2)
  A dart slug (D:1)
  A ball python (D:2)
  A bat (D:1)
  An endoplasm (D:2)
  A giant cockroach (D:1)
  3 goblins
  2 hobgoblins
  3 frilled lizards (D:1)
  2 kobolds
  A rat (D:1)
20 creatures vanquished.

Notes
Turn   | Place    | Note
-------+----------+-------------------------------------------
     0 | D:1      | Revguard the Demonspawn Gladiator began the quest for the
                  | Orb.
     0 | D:1      | Reached XP level 1. HP: 16/16 MP: 1/1
    19 | D:1      | Found a faded altar of an unknown god.
    42 | D:1      | Got Plato's Catalogue of Hexes
   634 | D:1      | Gained mutation: When seriously injured, your blood forms
                  | armour. (AC +6) [demonic ancestry]
   634 | D:1      | Reached XP level 2. HP: 20/22 MP: 2/2
   982 | D:2      | Reached XP level 3. HP: 12/27 MP: 3/3
  1246 | D:2      | Reached skill level 1 in Invocations
  1468 | D:2      | Slain by a gnoll

Illustrated notes

Levels and vault maps discovered:
D:1:      minmay_arrival_cross, layout_basic,
          shapermc_ecumenical_altar_rom_forum, minmay_misc_feat_rugged,
          amcnicky_mini_rare_corridor_liquid, patterned_corridor
D:2:      layout_loops_cross, hangedman_decor_clover_reticule

Skill      XL: |  1  2  3 |
---------------+----------+-----
Long Blades    | 3 |  3.1
Dodging        | 3 |  3.1
Invocations    | 1 |  1.1
Fighting       | |  2.2
Throwing       | |  1.7
Armour         | |  0.7
Stealth        | |  0.6
Evocations     | |  0.8

Action                   || total
-------------------------++-------
Melee: Long sword        ||    76
       Punch             ||     1
Armor: Leather armour    ||    26
Dodge: Dodged            ||    57
